 Dungeon Crawl Stone Soup version 0.14.0-24-gfb45beb (webtiles) character file.

1512 Maka the Martial Artist (level 8, -4/39 HPs)
             Began as a Vine Stalker Monk on Apr 23, 2014.
             Slain by an unseen horror (10 damage)
             ... on Level 5 of the Dungeon on Apr 24, 2014.
             The game lasted 00:15:27 (3240 turns).

Maka the Martial Artist (Vine Stalker Monk)         Turns: 3240, Time: 00:15:28

HP  -4/39        AC  5     Str 14      XL: 8   Next: 47%
MP   0/11        EV 13     Int 10      God:
Gold 292         SH  0     Dex 19      Spells:  0 memorised,  7 levels left

rFire  . . .     SeeInvis .       - Unarmed
rCold  + + .     Clarity  .     m - +1 leather armour "Noowirafre" {rC++ Dam+4}
rNeg   . . .     Conserve .     (no shield)
rPois  .         rCorr    .     (no helmet)
rElec  .         rRot     +     (no cloak)
SustAb . .       Spirit   +     i - +0 pair of gloves
rMut   .         Warding  .     (no boots)
Saprov . . .     Stasis   .     (no amulet)
MR     +....                    (no ring)
                                (no ring)

@: about to teleport, somewhat resistant to hostile enchantments, fairly
stealthy
A: fangs 3, regeneration 2, magic shield, antimagic bite, no device heal
a: no special abilities


You were on level 5 of the Dungeon.
You were full.

You visited 1 branch of the dungeon, and saw 6 of its levels.

You collected 292 gold pieces.

Inventory:

Armour
 i - a +0 pair of gloves (worn)
 m - the +1 leather armour "Noowirafre" (worn) {rC++ Dam+4}
   (You took it off an orc on level 4 of the Dungeon)

   It affects your damage with ranged weapons and melee attacks (+4).
   It greatly protects you from cold.
Comestibles
 b - 3 bread rations
Scrolls
 f - a scroll of identify
 h - a scroll of enchant weapon II
 k - 2 scrolls of enchant armour
 p - 4 scrolls of recharging
Potions
 a - 2 potions of might
 c - a potion of cure mutation {unknown}
 d - a potion of confusion {unknown}
 e - 5 potions of curing
 g - a potion of lignification {unknown}
 j - a potion of brilliance {unknown}
 l - a potion of paralysis {unknown}
 n - 3 potions of haste
 r - a potion of resistance {unknown}
 t - 2 potions of degeneration {unknown}


   Skills:
 - Level 2.6 Fighting
 - Level 3.1 Armour
 - Level 3.0 Dodging
 - Level 2.4 Stealth
 + Level 9.6 Unarmed Combat


You had 7 spell levels left.
You didn't know any spells.

Dungeon Overview and Level Annotations

Branches:
Dungeon (6/15)
 Temple: D:4-7

Altars:

Shops:
D:5 }

Annotations:
D:6 Natasha


Innate Abilities, Weirdness & Mutations

You are immune to rotting.
You have razor-sharp teeth.
You heal very quickly.
When hurt, damage is shared between your health and your magic reserves.
Your bite disrupts and absorbs the magic of your enemies.
Potions and wands cannot restore your HP.


Message History

Something hits you but does no damage. Something hits you.
Something hits you but does no damage. Something hits you.
Something barely misses you. Something hits you.
Something hits you but does no damage. Something hits you. Something hits you.
Something hits you but does no damage.
You closely miss something. You punch something. Your bite misses something.
Something hits you.
You punch something! Something completely misses you. Something hits you!
Something hits you!
* * * LOW HITPOINT WARNING * * *
Something hits you but does no damage.
Read which item? (? for menu, Esc to quit)
As you read the scroll of teleportation, it crumbles to dust.
You feel strangely unstable. Something hits you!
You die...

#...###......................
#..#####.....................
#.##...##....................
#%##.∩.##.#.........(%.......
#.##...##.###........(.......
#..#...#..###.#............#.
#..)......##..#.........).#..
############.############.##.
#@#....### ##### #.'......##
##.# ###.......## #...
####.....## ###. ###....# #.
###...## #. wK##....# #. #.g.
##...# #. #$o #...# #.


There were no monsters in sight!

Vanquished Creatures
  Prince Ribbit (D:5)
  A phantom (D:5)
  An ogre (D:4)
  A centaur (D:5)
  3 scorpions
  The ghost of Chiseanne the Skirmisher, a weakling OpWn (D:3)
  A crimson imp (D:5)
  2 gnoll shamans (D:5)
  2 hounds
  A black bear skeleton (D:5)
  A centaur skeleton (D:4)
  5 worker ants
  5 gnolls (D:5)
  7 adders
  An orc skeleton (D:5)
  2 worms
  An orc zombie (D:5)
  A giant eyeball (D:4)
  4 giant geckos
  12 orcs
  9 bats
  6 giant cockroaches
  9 hobgoblins
  16 jackals
  A quokka (D:4)
  A ball python (D:5)
  3 giant newts
  5 goblins
  4 kobolds
  A kobold skeleton (D:5)
  5 rats
  A rat skeleton (D:3)
  A rat zombie (D:5)
115 creatures vanquished.

Notes
Turn   | Place    | Note
--------------------------------------------------------------
     0 | D:1      | Maka, the Vine Stalker Monk, began the quest for the Orb.
     0 | D:1      | Reached XP level 1. HP: 11/11 MP: 1/1
    95 | D:1      | Reached XP level 2. HP: 10/16 MP: 3/3
   406 | D:1      | Reached XP level 3. HP: 19/19 MP: 4/4
   575 | D:2      | Reached skill level 5 in Unarmed Combat
  1140 | D:3      | Reached XP level 4. HP: 18/23 MP: 5/5
  1161 | D:3      | Noticed Chiseanne's ghost (weakling OpWn)
  1249 | D:3      | Killed Chiseanne's ghost
  1284 | D:3      | Reached XP level 5. HP: 25/27 MP: 5/7
  1441 | D:3      | Reached skill level 6 in Unarmed Combat
  1512 | D:3      | HP: 1/27 [poisoned by an adder]
  1518 | D:3      | HP: 1/27 [poisoned by an adder]
  1526 | D:3      | HP: 1/27 [poisoned by an adder]
  1949 | D:4      | Gained mutation: You heal very quickly. [vine stalker growth]
  1949 | D:4      | Reached XP level 6. HP: 29/32 MP: 8/8
  2095 | D:4      | Reached skill level 7 in Unarmed Combat
  2291 | D:4      | Got a shimmering leather armour
  2312 | D:4      | Identified the +1 leather armour "Noowirafre" {rC++ Dam+4} (You took it off an orc on level 4 of the Dungeon)
  2383 | D:4      | Noticed an ogre
  2390 | D:4      | Killed an ogre
  2390 | D:4      | Reached skill level 1 in Armour
  2390 | D:4      | Reached XP level 7. HP: 35/35 MP: 9/9
  2413 | D:4      | Paralysed by a giant eyeball for 4 turns
  2428 | D:4      | Paralysed by a giant eyeball for 4 turns
  2501 | D:5      | Entered Level 5 of the Dungeon
  2545 | D:5      | Found Jeigi's Gadget Emporium.
  2597 | D:5      | Reached skill level 8 in Unarmed Combat
  2864 | D:5      | Gained mutation: You have razor-sharp teeth. [vine stalker growth]
  2864 | D:5      | Reached XP level 8. HP: 17/39 MP: 8/11
  3046 | D:5      | Reached skill level 9 in Unarmed Combat
  3096 | D:5      | Noticed Prince Ribbit
  3113 | D:5      | Killed Prince Ribbit
  3157 | D:6      | Noticed Natasha
  3240 | D:5      | Slain by an unseen horror

Action                   |  1- 3 |  4- 6 |  7- 9 || total
-------------------------+-------+-------+-------++-------
Melee: Unarmed           |   144 |   142 |   115 ||   401
  Use: Scroll            |     1 |    11 |     3 ||    15
 Stab: Sleeping          |     2 |     5 |     2 ||     9
